 Dungeon Crawl Stone Soup version 0.31.0-11-ge490571c62 (webtiles) character file.

Game seed: 1754845660487059214

4309 Datul the Zephyrmancer (level 10, -6/50 HPs)
             Began as a Deep Elf Air Elementalist on Jan 29, 2024.
             Was an Initiate of Gozag.
             Mangled by a vampire
             ... wielding a staff of fire
              (11 damage)
             ... on level 9 of the Dungeon.
             The game lasted 00:43:11 (9687 turns).

Datul the Zephyrmancer (Deep Elf Air Elementalist)  Turns: 9687, Time: 00:43:12

Health: -6/50      AC:  3    Str:  5    XL:     10   Next: 11%
Magic:  13/25      EV: 12    Int: 25    God:    Gozag
Gold:   680        SH:  5    Dex: 15    Spells: 10/28 levels left

rFire   + + .        v - staff of fire
rCold   . . .        (no shield)
rNeg    . . .        w - +0 robe {rF+}
rPois   .            (no helmet)
rElec   .            (no cloak)
rCorr   +            F - +0 pair of gloves
SInv    .            (no boots)
Will    +....        z - amulet of reflection
Stlth   ++           q - ring of wizardry
HPRegen 0.28/turn    g - ring of resist corrosion
MPRegen 0.19/turn

%: reflection, wizardry (x1)
@: swift, very quick
A: no striking features
a: Renounce Religion, Potion Petition, Call Merchant, Bribe Branch


You were on level 9 of the Dungeon.
You worshipped Gozag.
Gozag was pleased with you.
You visited 2 branches of the dungeon, and saw 10 of its levels.

You collected 1332 gold pieces.
You spent 558 gold pieces at shops.
You paid 94 gold pieces to Gozag.

Inventory:

Hand Weapons
 l - a +0 dagger of venom
 t - the +7 dagger of the Land of Plenty {holy, Str+3}
   (You found it on level 5 of the Dungeon)

   Str+3:     It affects your strength (+3).
Armour
 w - a +0 robe of fire resistance (worn)
 F - a +0 pair of gloves (worn)
Magical Staves
 v - a staff of fire (weapon)
 B - a staff of death
Jewellery
 d - a ring of positive energy
 g - a ring of resist corrosion (right hand)
 m - a ring of protection from cold
 q - a ring of wizardry (left hand)
 y - a ring of ice
 z - an amulet of reflection (around neck)
 A - a ring of positive energy
 H - a ring of protection from cold
Wands
 s - a wand of digging (5)
 I - a wand of charming (4)
Scrolls
 c - a scroll of poison
 e - 4 scrolls of enchant armour
 f - 2 scrolls of teleportation
 h - a scroll of butterflies {unknown}
 j - 2 scrolls of fear
 n - a scroll of revelation
 o - a scroll of torment
 u - 2 scrolls of vulnerability {unknown}
Potions
 b - 3 potions of magic
 i - a potion of cancellation
 k - 6 potions of curing
 p - 2 potions of brilliance
 r - 2 potions of invisibility
 x - a potion of attraction {unknown}
 C - 2 potions of haste
 E - a potion of ambrosia
 G - 2 potions of mutation


   Skills:
 - Level 2.4 Dodging
 - Level 2.4 Stealth
 + Level 9.5 Spellcasting
 - Level 6.7 Conjurations
 - Level 4.8 Summonings
 * Level 4.9 Fire Magic
 - Level 10.0 Air Magic


You had 10 spell levels left.
You knew the following spells:

 Your Spells              Type           Power      Damage    Failure   Level
a - Shock                 Conj/Air       100%       1d9       1%          1
b - Static Discharge      Conj/Air       100%       3-8/arc   1%          2
c - Swiftness             Air            58%        N/A       1%          3
d - Airstrike             Air            29%        2d(5-21)  1%          4
e - Summon Lightning Spi  Summ/Air       49%        N/A       1%          4
f - Flame Wave            Conj/Fire      57%        2d14      1%          4

Your spell library contained the following spells:

 Spells                   Type           Power      Damage    Failure   Level
 Summon Small Mammal      Summ           100%       N/A       1%          1
 Scorch                   Fire           100%       2d9       1%          2
 Hailstorm                Conj/Ice       28%        3d8       1%          3
 Summon Ice Beast         Ice/Summ       24%        N/A       2%          3
 Ignite Poison            Fire/Alch      36%        N/A       8%          4
 Martyr's Knell           Necr/Summ      24%        N/A       8%          4
 Sticky Flame             Fire/Alch      36%        2d8       8%          4
 Summon Cactus Giant      Summ           18%        N/A       38%         6
 Sculpt Simulacrum        Ice/Alch       5%         N/A       95%         6
 Ignition                 Fire           26%        3d9       100%        8


Dungeon Overview and Level Annotations

Branches:
Dungeon (9/15) Zot: 26672  Temple (1/1) D:5 Zot: 5998
   Lair: D:8-11         Orc: D:9-12

Altars:
Ashenzari
Cheibriados
Dithmenos
Elyvilon
Fedhas
Gozag
Hepliaklqana
Kikubaaqudgha
Makhleb
Nemelex Xobeh
Okawaru
Qazlal
Sif Muna
Trog
Uskayaw
Vehumet
Wu Jian
Xom
Yredelemnul
Zin
The Shining One

Shops:
D:8 *

Annotations:
D:2 Natasha
D:5 exclusion: downstairs


Message History

Something hits you! Something burns you. Something bites you.
Something draws strength from your injuries!
A chaos spawn comes into view.
You take 22 damage, and have 28/50 hp.
MASSIVE DAMAGE!!
Unknown command.
Casting: Flame Wave (dangerous; 1% risk of failure)
Confirm with . or Enter, or press ? or * to list all spells.
You can't see any susceptible monsters within range! (Use Z to cast anyway.)
Casting: Flame Wave (dangerous; 1% risk of failure)
Confirm with . or Enter, or press ? or * to list all spells.
Casting: Flame Wave (dangerous; 1% risk of failure)
Press: ? - help, Dir - look around, f - activate You feel a surge of power!
A wave of flame ripples out!
The flame wave engulfs something! (Press . to intensify the flame waves.)
Something hits you!
* * * LOW HITPOINT WARNING * * *
Something burns you.
* * * LOW HITPOINT WARNING * * *
Something bites you!
* * * LOW HITPOINT WARNING * * *
Something draws strength from your injuries!
You take 26 damage, and have 2/50 hp.
MASSIVE DAMAGE!!
You now have 16/25 mp.
You feel much better. Something hits you. Something burns you.
Something bites you.
* * * LOW HITPOINT WARNING * * *
Something draws strength from your injuries!
You regained 15 hp, and now have 17/50 hp.
Unknown command.
Okay, then.
Okay, then.
Okay, then.
Okay, then.
Casting: Flame Wave (dangerous; 1% risk of failure)
Confirm with . or Enter, or press ? or * to list all spells.
You feel quick. Something hits you!
* * * LOW HITPOINT WARNING * * *
Something bites you!
You die...
Your body crumbles into a pile of gold.

### ..#+#.. .
......########..
..V.............
#)#...4..... #{##..4.....
###############.@...#..###
.#.#.#.#.#.#.#..##.##...#
#.#.#.#.#.#.#.#.##.##.#.#
##.###.###.###............
#.#.#.#.#.#.#.#...........
.#.#.#.#.#.#.#............
###############.....!.....
#...........
###############...........


You could see a hellwing and a chaos spawn.

Vanquished Creatures
  A troll (D:9)
  A hornet (D:7)
  A vampire (D:9)
  A wraith (D:6)
  2 steam dragons (D:8)
  Menkaure (D:4)
  A sky beast (D:8)
  2 ogres (D:5)
  A phantom (D:4)
  A bullfrog (D:8)
  3 scorpions
  A wyvern zombie (D:5)
  2 wights (D:7)
  A killer bee (D:8)
  A howler monkey (D:5)
  A bombardier beetle (D:6)
  2 hounds (D:4)
  A jelly (D:7)
  A gnoll bouda (D:6)
  An iguana (D:4)
  2 sleepcaps (D:6)
  An orc wizard (D:8)
  A hound zombie (D:5)
  4 gnolls (D:6)
  7 adders
  A shadow imp (D:8)
  A white imp (D:5)
  4 ufetubi (D:6)
  A ribbon worm (D:5)
  A dart slug (D:1)
  22 orcs
  2 ball pythons (D:2)
  8 bats
  5 endoplasms
  8 goblins
  5 hobgoblins
  2 jackals (D:4)
  6 kobolds
  6 quokkas
  4 frilled lizards
  7 rats
124 creatures vanquished.

Vanquished Creatures (collateral kills)
  2 steam dragons
  Edmund (D:4)
  An orc warrior (D:8)
  3 black bears
  2 centaurs (D:6)
  A bullfrog (D:8)
  10 wights (D:7)
  4 killer bees (D:8)
  2 orc priests
  3 iguanas
  A sleepcap (D:8)
  2 orc wizards (D:7)
  7 orcs
  A giant cockroach (D:4)
40 creatures vanquished.

Grand Total: 164 creatures vanquished

Notes
Turn   | Place    | Note
-------+----------+-------------------------------------------
     0 | D:1      | Datul the Deep Elf Air Elementalist began the quest for the
                  | Orb.
     0 | D:1      | Reached XP level 1. HP: 10/10 MP: 6/6
   278 | D:1      | Reached XP level 2. HP: 15/15 MP: 6/8
   746 | D:1      | Found Qyacic's Distillery.
   876 | D:1      | Reached XP level 3. HP: 19/19 MP: 2/10
   938 | D:1      | Learned a level 2 spell: Static Discharge
   952 | D:1      | Learned a level 3 spell: Swiftness
  1001 | D:2      | Noticed Natasha
  1760 | D:3      | Reached skill level 4 in Air Magic
  1974 | D:3      | Reached XP level 4. HP: 24/24 MP: 6/11
  2421 | D:4      | Noticed a phantom
  2430 | D:3      | Learned a level 4 spell: Airstrike
  2627 | D:4      | Noticed Edmund
  2644 | D:5      | Entered Level 5 of the Dungeon
  2793 | D:5      | Noticed an ogre
  2831 | D:5      | Noticed an ogre
  2855 | D:5      | Killed an ogre
  2856 | D:5      | Reached XP level 5. HP: 28/28 MP: 5/13
  2981 | D:5      | Reached skill level 5 in Air Magic
  3052 | D:5      | Found an opulent altar of Gozag.
  3198 | D:5      | Found a staircase to the Ecumenical Temple.
  3204 | Temple   | Entered the Ecumenical Temple
  3247 | D:5      | Reached XP level 6. HP: 32/32 MP: 8/15
  3356 | D:5      | Reached skill level 5 in Spellcasting
  3850 | D:5      | Found a broken altar of Ashenzari.
  3880 | D:5      | Identified the +7 dagger of the Land of Plenty {holy,
                  | Str+3}
  4011 | D:5      | Found a basalt altar of Yredelemnul.
  4112 | D:5      | Became a worshipper of Gozag Ym Sagoz the Greedy
  4247 | D:6      | Reached skill level 6 in Air Magic
  4252 | D:5      | Reached XP level 7. HP: 20/36 MP: 2/17
  4674 | D:6      | Got the Handbook of the Swarm
  4680 | D:6      | Learned a level 4 spell: Summon Lightning Spire
  5034 | D:6      | Reached skill level 1 in Summonings
  5082 | D:6      | Found a radiant altar of Vehumet.
  5246 | D:6      | Reached skill level 7 in Air Magic
  5246 | D:6      | Reached XP level 8. HP: 41/41 MP: 8/19
  5450 | D:6      | Found a sparkling altar of Nemelex Xobeh.
  5488 | D:6      | Reached skill level 5 in Conjurations
  5986 | D:4      | Killed Edmund
  6005 | D:4      | Noticed Menkaure
  6020 | D:4      | Killed Menkaure
  6261 | D:4      | Reached skill level 8 in Air Magic
  6472 | D:4      | Found a shimmering blue altar of Sif Muna.
  6596 | D:1      | Bought a potion of haste for 100 gold pieces
  6596 | D:1      | Bought a potion of heal wounds for 50 gold pieces
  6596 | D:1      | Bought a potion of ambrosia for 80 gold pieces
  6596 | D:1      | Bought a potion of curing for 30 gold pieces
  6596 | D:1      | Bought a potion of magic for 80 gold pieces
  6596 | D:1      | Bought a potion of curing for 30 gold pieces
  6596 | D:1      | Bought a potion of magic for 80 gold pieces
  6596 | D:1      | Bought a potion of curing for 30 gold pieces
  6808 | D:7      | Noticed a hornet
  6850 | D:7      | Killed a hornet
  7156 | D:7      | Reached XP level 9. HP: 45/45 MP: 17/22
  7390 | D:7      | Reached skill level 9 in Air Magic
  7791 | D:7      | Learned a level 4 spell: Flame Wave
  8529 | D:8      | Reached skill level 1 in Fire Magic
  8863 | D:8      | Reached skill level 10 in Air Magic
  8868 | D:8      | Reached XP level 10. HP: 36/50 MP: 3/25
  9012 | D:8      | Found an iron altar of Okawaru.
  9013 | D:8      | Found a glowing silver altar of Zin.
  9228 | D:8      | Found Zolus's CLEARANCE SALE!.
  9236 | D:8      | Bought a wand of charming (4) for 38 gold pieces
  9236 | D:8      | Bought a potion of mutation for 32 gold pieces
  9236 | D:8      | Bought a scroll of identify for 8 gold pieces
  9685 | D:9      | HP: 2/50 [something (12)]
  9687 | D:9      | Mangled by a vampire

Illustrated notes

Levels and vault maps discovered:
D:1:      lemuel_arrival_funnel, layout_rooms, serial_shops, shop
D:2:      layout_loops_cross, uniq_natasha
D:3:      layout_loops_cross
D:4:      layout_basic, mainiacjoe_overflow_brackets, grunt_ministairs_8,
          uniq_menkaure, uniq_edmund
D:5:      layout_loops_corners, ashenzari_altar_1, mainiacjoe_overflow_alcove_2,
          lemuel_zombie_altar_yredelemnul, minmay_temple_entry_overgrown
D:6:      layout_loops_ring, mainiacjoe_overflow_cross_hatched,
          vehumet_crystals, grunt_ministairs_6, st_stairs_13
D:7:      layout_layer_cave
D:8:      layout_rooms, nicolae_overflow_hidden_temple, jmf_multi_god_temple,
          nicolae_shop_clearance
D:9:      layout_rooms, zombieorc2_lemuel, serial_shops,
          nicolae_shop_hallway_plus, serial_demonic, serial_demonic_a,
          serial_demonic_e, serial_demonic_c, serial_demonic_d,
          roderic_roman_lattice, chequers_jeans, minmay_misc_feat_nine_boxes,
          hangedman_abyss_or_decor_stagger, kennysheep_small_square
Temple:   cyrus_circular_temple

Skill      XL: |  1  2  3  4  5  6  7  8  9 |
---------------+----------------------------+-----
Conjurations   | 2 3 4 6 |  6.7
Air Magic      | 4 5 6 7 8 10 | 10.0
Spellcasting   | 4 5 6 7 9 |  9.5
Summonings     | 1 3 4 |  4.8
Fire Magic     | 4 |  4.9
Dodging        | |  2.4
Stealth        | |  2.4

Action                     |  1- 3 |  4- 6 |  7- 9 | 10-12 || total
---------------------------+-------+-------+-------+-------++-------
  Melee: Dagger            |       |     2 |       |     2 ||     4
   Cast: Shock             |    90 |    65 |   143 |     2 ||   300
         Airstrike         |       |     2 |    14 |     6 ||    22
         Static Discharge  |       |     6 |     5 |       ||    11
         Summon Lightning  |       |       |    27 |     2 ||    29
         Swiftness         |       |       |     2 |     1 ||     3
         Flame Wave        |       |       |     1 |     2 ||     3
    Use: Scroll            |       |     5 |     4 |     3 ||    12
         Potion            |       |       |     1 |     1 ||     2
 Armour: Robe              |     6 |    13 |    24 |     9 ||    52
  Dodge: Dodged            |     2 |    10 |    13 |       ||    25
  Block: Other             |       |       |     1 |     1 ||     2
